 Dungeon Crawl Stone Soup version 0.23.2-33-g5129a83 (webtiles) character file.

Game seed: 4442550020626356078

72 Aphrodieselac the Charmwright (level 4, -1/33 HPs)
             Began as a Merfolk Skald on Aug 6, 2019.
             Slain by a centaur (6 damage)
             ... on level 3 of the Dungeon.
             The game lasted 00:08:12 (2014 turns).

Aphrodieselac the Charmwright (Merfolk Skald)       Turns: 2014, Time: 00:08:13

Health: -1/33      AC:  3    Str: 11    XL:     4   Next: 25%
Magic:  4/7        EV: 13    Int: 13    God:
Gold:   128        SH:  0    Dex: 13    Spells: 2/7 levels left

rFire    . . .     SeeInvis .   a - +0 spear
rCold    . . .     Gourm    .   (no shield)
rNeg     . . .     Faith    .   b - +0 leather armour
rPois    .         Spirit   .   (no helmet)
rElec    .         Reflect  .   (no cloak)
rCorr    .         Harm     .   (no gloves)
MR       .....                  (no boots)
Stlth    +.........             (no amulet)
HPRegen  0.11/turn              (no ring)
MPRegen  0.10/turn              (no ring)

@: shrouded, very slightly contaminated
A: change form in water, swift swim, stealthy swim
a: no special abilities


You were on level 3 of the Dungeon.
You were not hungry.

You visited 1 branch of the dungeon, and saw 3 of its levels.

You collected 128 gold pieces.

Inventory:

Hand Weapons
 a - a +0 spear (weapon)
Missiles
 m - 12 poisoned needles
 q - 6 javelins (quivered)
Armour
 b - a +0 leather armour (worn)
Jewellery
 l - an uncursed ring of magical power {unknown}
Wands
 p - a wand of random effects (10)
Scrolls
 c - a scroll of enchant weapon {unknown}
 f - a scroll of fog {unknown}
 i - 5 scrolls of identify {unknown}
 j - a scroll of remove curse {unknown}
 k - a scroll of magic mapping {unknown}
 n - a scroll of teleportation {unknown}
 o - a scroll of random uselessness {unknown}
Potions
 e - 2 potions of flight {unknown}
 g - a potion of berserk rage {unknown}
 h - a potion of agility {unknown}
Comestibles
 d - 3 rations
 r - a chunk of flesh


   Skills:
 - Level 2.1 Fighting
 + Level 4.2 Polearms
 - Level 0.6 Armour
 - Level 3.2 Dodging
 - Level 2.0 Spellcasting
 * Level 4.7 Charms


You had 2 spell levels left.
You knew the following spells:

 Your Spells              Type           Power        Failure   Level  Hunger
a - Infusion              Chrm           ##..         4%          1    ##.....
b - Song of Slaying       Chrm           ##......     8%          2    ###....
c - Shroud of Golubria    Chrm/Tloc      #.........   19%         2    ###....

Your spell library contained the following spells:

 Spells                   Type           Power        Failure   Level  Hunger
 Regeneration             Chrm/Necr      #.........   36%         3    ####...
 Spectral Weapon          Hex/Chrm       #.......     36%         3    ####...


Dungeon Overview and Level Annotations

Branches:
Dungeon (3/15)

Altars:

Annotations:
D:2 Terence


Message History

Casting: Infusion (safe; 4% risk of failure)
Confirm with . or Enter, or press ? or * to list all spells.
Space distorts slightly along a thin shroud covering your body.
Casting: Shroud of Golubria (safe; 19% risk of failure)
Confirm with . or Enter, or press ? or * to list all spells.
You miscast Infusion.
You are very lightly contaminated with residual magic.
Nothing appears to happen.
The centaur shoots an arrow.
The arrow hits you!
The centaur shoots an arrow.
The arrow hits you.
The centaur unwields a +0 shortbow.
Your shroud bends the centaur's attack away.
You hit the centaur.
The centaur is lightly wounded.
Your shroud bends the centaur's attack away!
You barely miss the centaur.
The centaur is lightly wounded.
The centaur hits you!
* * * LOW HITPOINT WARNING * * *
The centaur hits you.
You die...

#.# #....# #.# #######.#
##.#c# #.# . .....# #.#.##
#.# .#.#.##.# #....### #รท#
...#.##.# #......# #.#
........#####...#.# #.#
####.###...(.(.##(#
#######.# ####.#
#.########c# #........
#...(###.# #...(@.#
#.#####.# #........#
#.###..# #.# ### .....#####
#.# #..# #.# #.##.# ####.#
#..# #.# ##.#.#
#....###..#######.#
##..####.................#
##...........##############
#.........(#........
.###########.#######


You could see a centaur.

Vanquished Creatures
  Jessica (D:2)
  An adder (D:3)
  A worm (D:3)
  4 bats
  2 giant cockroaches
  7 goblins
  3 hobgoblins
  2 jackals (D:1)
  5 kobolds
  A quokka (D:2)
  A ball python (D:2)
  A frilled lizard (D:2)
  6 rats
35 creatures vanquished.

Notes
Turn   | Place    | Note
-------+----------+-------------------------------------------
     0 | D:1      | Aphrodieselac the Merfolk Skald began the quest for the
                  | Orb.
     0 | D:1      | Reached XP level 1. HP: 16/16 MP: 3/3
   215 | D:1      | Reached XP level 2. HP: 21/22 MP: 5/5
   631 | D:2      | Noticed Terence
   704 | D:1      | Learned a level 2 spell: Song of Slaying
   707 | D:1      | Learned a level 2 spell: Shroud of Golubria
  1042 | D:2      | Reached XP level 3. HP: 27/27 MP: 6/6
  1045 | D:2      | Noticed Jessica
  1072 | D:2      | Killed Jessica
  1821 | D:3      | Reached XP level 4. HP: 29/33 MP: 0/7
  1998 | D:3      | Noticed a centaur
  2014 | D:3      | Slain by a centaur

Skill      XL: |  1  2  3 |
---------------+----------+-----
Dodging        | 3 |  3.2
Charms         | 4 |  4.7
Polearms       | 4 |  4.2
Fighting       | |  2.1
Armour         | |  0.6
Spellcasting   | |  2.0

Action                   |  1- 3 |  4- 6 || total
-------------------------+-------+-------++-------
Melee: Spear             |   106 |    24 ||   130
 Cast: Infusion          |     5 |       ||     5
       Shroud of Golubri |     4 |     1 ||     5
 Stab: Sleeping          |     1 |       ||     1
  Eat: Chunk             |     2 |     2 ||     4
Armor: Leather armour    |    12 |     2 ||    14
Dodge: Dodged            |    38 |     7 ||    45
